 Dungeon Crawl Stone Soup version 0.27.1 (webtiles) character file.

Game seed: 7263332814772223228

153 Descartes the Gusty (level 5, -3/28 HPs)
             Began as a Deep Elf Wanderer on Sept 4, 2021.
             Killed from afar by an orc wizard (7 damage)
             ... with a magic dart
             ... on level 4 of the Dungeon.
             The game lasted 00:10:53 (4587 turns).

Descartes the Gusty (Deep Elf Wanderer)             Turns: 4587, Time: 00:10:53

Health: -3/28      AC:  9    Str: 10    XL:     5   Next: 12%
Magic:  1/9        EV: 24    Int: 15    God:
Gold:   231        SH:  0    Dex: 16    Spells: 4/7 levels left

rFire    . . .     SeeInvis .   w - +2 dagger (drain)
rCold    . . .     Faith    .   (no shield)
rNeg     . . .     Spirit   .   r - +0 ring mail
rPois    .         Reflect  .   s - +2 hat
rElec    .         Harm     .   b - +1 cloak
rCorr    .         Rampage  .   (no gloves)
Will     .....                  (no boots)
Stlth    +.........             j - amulet of the acrobat
HPRegen  0.09/turn              (no ring)
MPRegen  0.11/turn              (no ring)

@: acrobatic
A: no striking features
a: no special abilities


You were on level 4 of the Dungeon.
You visited 1 branch of the dungeon, and saw 4 of its levels.

You collected 231 gold pieces.

Inventory:

Hand Weapons
 m - a +2 hand axe of electrocution
 w - a +2 dagger of draining (weapon)
 z - a +1 dagger of holy wrath
Missiles
 f - 60 stones (quivered)
 k - 17 bolts
 v - 18 arrows
 x - 4 javelins
Armour
 b - a +1 cloak (worn)
 r - a +0 ring mail (worn)
 s - a +2 hat (worn)
Jewellery
 j - an amulet of the acrobat (around neck)
 u - an amulet of faith
Scrolls
 e - a scroll of acquirement {unknown}
 g - a scroll of enchant weapon {unknown}
 h - a scroll of brand weapon {unknown}
 i - a scroll of teleportation {unknown}
 l - 3 scrolls of identify {unknown}
 q - a scroll of noise {unknown}
Potions
 a - a potion of lignification {unknown}
 c - a potion of heal wounds {unknown}
 d - a potion of curing
 n - a potion of mutation {unknown}
 o - a potion of cancellation {unknown}
 t - a potion of degeneration {unknown}


   Skills:
 - Level 1.0 Throwing
 - Level 1.2 Stealth
 - Level 1.5 Spellcasting
 - Level 2.1 Summonings
 - Level 3.6 Necromancy
 + Level 5.2 Air Magic
 + Level 1.0 Poison Magic


You had 4 spell levels left.
You knew the following spells:

 Your Spells              Type           Power      Damage    Failure   Level
a - Shock                 Conj/Air       36%        1d5       21%         1
b - Poisonous Vapours     Pois/Air       20%        N/A       26%         2

Your spell library contained the following spells:

 Spells                   Type           Power      Damage    Failure   Level
 Pain                     Necr           48%        1d6       14%         1
 Swiftness                Air            16%        N/A       22%         3
 Static Discharge         Conj/Air       9%         N/A       30%         2
 Vampiric Draining        Necr           6%         2d6       38%         3
 Airstrike                Air            8%         N/A       56%         4


Dungeon Overview and Level Annotations

Branches:
Dungeon (4/15)
 Temple: D:4-7

Altars:
Zin

Shops:
D:2 =   D:3 (


Message History

Press: ? - help, Shift-Dir - straight line, f - orc priest, p - orc
Aim: an orc priest, wielding a +0 morningstar and wearing a +0 scale mail (lightly wounded, 72% to hit)
You miscast Shock.
You are very lightly contaminated with residual magic.
Nothing appears to happen.
Casting: Shock (safe; 22% risk of failure)
Confirm with . or Enter, or press ? or * to list all spells.
Aiming: Shock (safe; 22% risk of failure)
Press: ? - help, Shift-Dir - straight line, f/p - orc priest
Aim: an orc priest, wielding a +0 morningstar and wearing a +0 scale mail (lightly wounded, 72% to hit)
The zap hits the orc.
You kill the orc!
The zap hits the orc wizard.
The orc wizard is lightly wounded.
The zap hits the orc priest but does no damage.
The orc priest is lightly wounded.
Casting: Shock (safe; 21% risk of failure)
Confirm with . or Enter, or press ? or * to list all spells.
Aiming: Shock (safe; 21% risk of failure)
Press: ? - help, Shift-Dir - straight line, f/p - orc priest
Aim: an orc priest, wielding a +0 morningstar and wearing a +0 scale mail (lightly wounded, 72% to hit)
The zap hits the orc wizard.
The orc wizard is moderately wounded.
The zap hits the orc priest.
The orc priest is moderately wounded.
The orc wizard casts a spell at you. You resist with some effort.
The orc priest calls upon Beogh to heal the orc.
The orc's wounds heal themselves!
The orc wizard gestures at you while chanting.
You resist with some effort.
Your magical contamination has completely faded away.
The orc priest calls down the wrath of Beogh upon you.
Beogh smites you!
* * * LOW HITPOINT WARNING * * *
The orc throws a boomerang.
The boomerang barely misses you.
The orc throws a boomerang.
The boomerang completely misses you. The orc wizard casts a spell at you.
The magic dart hits you!
You die...

.... ..# #######+#######..#
o.......o.......#
####....o......#
#...........# #.......o...#
###
#.[.........#############.##
####.........@............<#
########...............##
##...........>###
#.......#####..##
#....######.....## #.####
##........# #.##
##.........# #..#
#..........# #..#
#..........#


You could see an orc wizard.

Vanquished Creatures
  An orc priest (D:4)
  An orc wizard (D:2)
  2 adders (D:3)
  2 worms (D:2)
  A dart slug (D:3)
  8 orcs
  9 endoplasms
  5 giant cockroaches
  2 goblins
  2 hobgoblins
  2 jackals (D:2)
  6 kobolds
  2 quokkas (D:2)
  4 ball pythons (D:2)
  7 bats
  5 frilled lizards
  2 rats
61 creatures vanquished.

Vanquished Creatures (others)
  A fungus (D:2)
1 creature vanquished.

Grand Total: 62 creatures vanquished

Notes
Turn   | Place    | Note
-------+----------+-------------------------------------------
     0 | D:1      | Descartes the Deep Elf Wanderer began the quest for the
                  | Orb.
     0 | D:1      | Descartes set off with the following items: a +0 dagger, a
                  | +0 robe; and the following spells available to memorise:
                  | Pain, Shock, Vampiric Draining, Poisonous Vapours, Static
                  | Discharge, Swiftness, Airstrike
     0 | D:1      | Reached XP level 1. HP: 10/10 MP: 5/5
     2 | D:1      | Learned a level 1 spell: Shock
  1116 | D:2      | Reached XP level 2. HP: 15/15 MP: 0/6
  1182 | D:2      | Found Yptioradgh's Jewellery Shop.
  1221 | D:2      | Reached skill level 3 in Air Magic
  1756 | D:2      | Reached XP level 3. HP: 6/19 MP: 4/7
  2616 | D:2      | Found a faded altar of an unknown god.
  2971 | D:3      | Found Hinull's Weapon Boutique.
  2981 | D:3      | Reached skill level 4 in Air Magic
  3235 | D:3      | Found a glowing silver altar of Zin.
  3561 | D:3      | Reached XP level 4. HP: 24/24 MP: 1/8
  4371 | D:2      | Reached skill level 5 in Air Magic
  4441 | D:2      | Learned a level 2 spell: Poisonous Vapours
  4572 | D:4      | Reached skill level 1 in Poison Magic
  4572 | D:4      | Reached XP level 5. HP: 13/28 MP: 3/9
  4587 | D:4      | Killed from afar by an orc wizard

Illustrated notes

Levels and vault maps discovered:
D:1:      sevenhm_arrival_forest_fort_large_2, layout_basic
D:2:      layout_loops_cross, shapermc_ecumenical_altar_acropolis, serial_shops,
          nicolae_diamond_shop
D:3:      layout_basic, amcnicky_altar_gilded, serial_shops, shop
D:4:      layout_cave_pods, serial_shops, nicolae_diamond_shop,
          minmay_door_square

Skill      XL: |  1  2  3  4 |
---------------+-------------+-----
Air Magic      | 3 4 5 |  5.2
Poison Magic   | 1 |  1.0
Throwing       | |  1.0
Stealth        | |  1.2
Spellcasting   | |  1.5
Summonings     | |  2.1
Necromancy     | |  3.6

Action                   |  1- 3 |  4- 6 || total
-------------------------+-------+-------++-------
Melee: Dagger            |     5 |    10 ||    15
       Hand axe          |    25 |       ||    25
 Cast: Shock             |   110 |    42 ||   152
  Use: Potion            |       |     1 ||     1
Armor: Robe              |     2 |       ||     2
       Ring mail         |     6 |    13 ||    19
Dodge: Dodged            |    23 |     8 ||    31
